 Dungeon Crawl Stone Soup version 0.29.1-15-g9cfb28693d (webtiles) character file.

Game seed: 17509897659891762065

133 McKennaii the Digger (level 4, 0/33 HPs)
             Began as a Demigod Earth Elementalist on Feb 25, 2023.
             Slain by Crazy Yiuf
             ... wielding a +2 quarterstaff of chaos
              (8 damage)
             ... on level 2 of the Dungeon.
             The game lasted 00:01:37 (2675 turns).

McKennaii the Digger (Demigod Earth Elementalist)   Turns: 2675, Time: 00:01:38

Health: 0/33       AC:  5    Str:  9    XL:     4   Next: 64%
Magic:  5/11       EV: 12    Int: 21    God:
Gold:   104        SH:  0    Dex: 14    Spells: 5/9 levels left

rFire   . . .      SeeInvis .   (no weapon)
rCold   . . .      Faith    .   (no shield)
rNeg    . . .      Spirit   .   a - +0 robe
rPois   .          Reflect  .   (no helmet)
rElec   .          Harm     .   (no cloak)
rCorr   .          Rampage  +   (no gloves)
Will    .....                   f - +2 pair of boots {rampage}
Stlth   ++........              (no amulet)
HPRegen 0.11/turn               (no ring)
MPRegen 0.12/turn               (no ring)

@: no status effects
A: high MP 1, forlorn, divine attributes
a: no special abilities


You were on level 2 of the Dungeon.
You visited 1 branch of the dungeon, and saw 2 of its levels.

You collected 104 gold pieces.

Inventory:

Armour
 a - a +0 robe (worn)
 f - a +2 pair of boots of rampaging (worn)
Scrolls
 d - a scroll of amnesia {unknown}
 h - a scroll of blinking {unknown}
 i - 4 scrolls of noise {unknown}
 n - a scroll of enchant armour {unknown}
 o - a scroll of identify {unknown}
Potions
 b - 2 potions of magic
 c - a potion of attraction {unknown}
 e - a potion of resistance {unknown}
 g - a potion of haste {unknown}
 j - 4 potions of curing {unknown}
 k - a potion of mutation {unknown}
 l - 2 potions of brilliance {unknown}
 m - a potion of heal wounds {unknown}
 p - a potion of ambrosia {unknown}


   Skills:
 - Level 1.7 Dodging
 - Level 1.7 Stealth
 + Level 3.3 Spellcasting
 - Level 0.8 Transmutations
 + Level 4.1 Earth Magic


You had 5 spell levels left.
You knew the following spells:

 Your Spells              Type           Power      Damage    Failure   Level
a - Sandblast             Erth           40%        2d10      2%          1
b - Stone Arrow           Conj/Erth      24%        3d8       17%         3

Your spell library contained the following spells:

 Spells                   Type           Power      Damage    Failure   Level
 Passwall                 Tmut/Erth      10%        N/A       7%          2
 Petrify                  Tmut/Erth      13%        N/A       43%         4


Dungeon Overview and Level Annotations

Branches:
Dungeon (2/15)

Shops:
D:1 (

Annotations:
D:2 Crazy Yiuf


Innate Abilities, Weirdness & Mutations

You have an increased reservoir of magic. (+10% MP)
You shall have no god before yourself.
Your divine heritage dramatically boosts your attributes as you level up.


Message History

Crazy Yiuf cries, "Peeping!
Line foot green."
Crazy Yiuf closely misses you. Crazy Yiuf hits you but does no damage.
Space warps around you!
* * * LOW HITPOINT WARNING * * *
Casting: Sandblast (safe; 2% risk of failure)
Confirm with . or Enter, or press ? or * to list all spells.
Aiming: Sandblast (safe; 2% risk of failure)
Press: ? - help, Shift-Dir - straight line, f/p - Crazy Yiuf
Aim: Crazy Yiuf, wielding a +2 quarterstaff of chaos and wearing a +2 cloak (lightly wounded, 85% to hit)
The blast of sand hits Crazy Yiuf.
Crazy Yiuf is moderately wounded.
Crazy Yiuf barely misses you.
Unknown command.
Casting: Sandblast (safe; 2% risk of failure)
Confirm with . or Enter, or press ? or * to list all spells.
Aiming: Sandblast (safe; 2% risk of failure)
Press: ? - help, Shift-Dir - straight line, f/p - Crazy Yiuf
Aim: Crazy Yiuf, wielding a +2 quarterstaff of chaos and wearing a +2 cloak (moderately wounded, 85% to hit)
The blast of sand hits Crazy Yiuf.
Crazy Yiuf is heavily wounded.
Crazy Yiuf closely misses you. Crazy Yiuf barely misses you.
Your magical contamination has completely faded away.
Casting: Sandblast (safe; 2% risk of failure)
Confirm with . or Enter, or press ? or * to list all spells.
Aiming: Sandblast (safe; 2% risk of failure)
Press: ? - help, Shift-Dir - straight line, f/p - Crazy Yiuf
Aim: Crazy Yiuf, wielding a +2 quarterstaff of chaos and wearing a +2 cloak (heavily wounded, 85% to hit)
The blast of sand hits Crazy Yiuf.
Crazy Yiuf is severely wounded.
Crazy Yiuf closely misses you.
Casting: Sandblast (safe; 2% risk of failure)
Confirm with . or Enter, or press ? or * to list all spells.
Aiming: Sandblast (safe; 2% risk of failure)
Press: ? - help, Shift-Dir - straight line, f/p - Crazy Yiuf
Aim: Crazy Yiuf, wielding a +2 quarterstaff of chaos and wearing a +2 cloak (severely wounded, 85% to hit)
The blast of sand hits Crazy Yiuf but does no damage.
Crazy Yiuf is severely wounded.
Crazy Yiuf grits, "Trifle!"
Crazy Yiuf hits you with a +2 quarterstaff of chaos!
You die...

.......#
#..#...####
#.##....##.
.......#
#.######
#.##.##..##
.......###.#
#.####....#
#####..#)..#
#####
#.##...##..
....#..#'###
#)..#
#.##.###...
###.#......#
#...#
#.####..†##
#..........#
...
#.##...###.
#.#.#......#
#g#
#.##.###.#.
..#.#......#
#@##
#.##'#.#..#
###.#......#
##.#
#..#.#..#.#
....#......#
#.##
#.....#.###
#####......#
##.#
##.##..###..
......##'###
##.##
#...########
########.#
##...#
#...........
#.# #....#
##.#########
########.#
##..##
#.#........
.........#
#....#
#.#.#######


You could see Crazy Yiuf.

Vanquished Creatures
  8 adders (D:2)
  An orc (D:2)
  4 endoplasms
  5 giant cockroaches
  7 goblins
  5 hobgoblins (D:2)
  A quokka (D:2)
  6 ball pythons
  8 bats
  2 frilled lizards (D:2)
  6 kobolds
  7 rats
60 creatures vanquished.

Notes
Turn   | Place    | Note
-------+----------+-------------------------------------------
     0 | D:1      | McKennaii the Demigod Earth Elementalist began the quest
                  | for the Orb.
     0 | D:1      | Reached XP level 1. HP: 14/14 MP: 5/5
   148 | D:1      | Reached skill level 3 in Earth Magic
   210 | D:1      | Reached XP level 2. HP: 20/20 MP: 3/7
   412 | D:1      | Found Ukesiut's Antique Weapon Shoppe.
   737 | D:2      | Reached XP level 3. HP: 26/26 MP: 4/9
  1412 | D:2      | Reached XP level 4. HP: 29/33 MP: 7/11
  1903 | D:2      | Reached skill level 4 in Earth Magic
  2417 | D:2      | Found a runed translucent door.
  2418 | D:2      | Noticed Crazy Yiuf
  2668 | D:2      | Learned a level 3 spell: Stone Arrow
  2675 | D:2      | Slain by Crazy Yiuf

Illustrated notes

Levels and vault maps discovered:
D:1:      dpeg_arrival_yet_another_circle, layout_rooms, serial_shops,
          nicolae_shop_stone
D:2:      minmay_razor_zed, layout_basic,
          shapermc_ecumenical_altar_mp_highgroup, minmay_increasing_density,
          uniq_crazy_yiuf_cottage

Skill      XL: |  1  2  3  4 |
---------------+-------------+-----
Spellcasting   | 2 3 |  3.3
Earth Magic    | 3 4 |  4.1
Dodging        | |  1.7
Stealth        | |  1.7
Transmutations | |  0.8

Action                   |  1- 3 |  4- 6 || total
-------------------------+-------+-------++-------
Melee: Unarmed           |     1 |       ||     1
 Cast: Sandblast         |    50 |    32 ||    82
Armor: Robe              |     8 |     2 ||    10
Dodge: Dodged            |    12 |     7 ||    19
